 Dungeon Crawl Stone Soup version 0.30-a0-242-g7bf8e6d787 (webtiles) character file.

Game seed: 7347855323106153127

446 purpskrrrp the Ruffian (level 6, -3/57 HPs)
             Began as a Troll Summoner on Oct 11, 2022.
             Was a Believer of Dithmenos.
             Killed from afar by Sigmund (14 damage)
             ... with a bolt of dispelling energy
             ... on level 4 of the Dungeon.
             The game lasted 00:05:30 (3058 turns).

purpskrrrp the Ruffian (Troll Summoner)             Turns: 3058, Time: 00:05:31

Health: -3/57      AC:  4    Str: 19    XL:     6   Next: 73%
Magic:  8/8        EV: 10    Int: 11    God:    Dithmenos [**....]
Gold:   225        SH:  0    Dex: 10    Spells: 8/9 levels left

rFire   . . .      SeeInvis .      - Unarmed
rCold   . . .      Faith    .    (no shield)
rNeg    . . .      Spirit   .    a - +0 robe
rPois   .          Reflect  .    (helmet restricted)
rElec   .          Harm     .    (no cloak)
rCorr   .          Rampage  .    (gloves unavailable)
Will    .....                    (boots unavailable)
Stlth   ++........               k - amulet of regeneration
HPRegen 1.89/turn                (no ring)
MPRegen 0.11/turn                (no ring)

@: wreathed by umbra
A: large, unfitting armour, claws 3, regeneration 1, shaggy fur 1, tough skin 1
a: Renounce Religion, Shadow Step


You were on level 4 of the Dungeon.
You worshipped Dithmenos.
Dithmenos was pleased with you.
You visited 1 branch of the dungeon, and saw 4 of its levels.

You collected 225 gold pieces.

Inventory:

Armour
 a - a +0 robe (worn)
Jewellery
 k - an amulet of regeneration (around neck)
 n - an amulet of guardian spirit
Wands
 p - a wand of flame (24)
 r - a wand of mindburst (1)
 t - a wand of quicksilver (2)
Scrolls
 c - 7 scrolls of identify {unknown}
 h - 3 scrolls of immolation {unknown}
 i - a scroll of butterflies {unknown}
 j - a scroll of fear {unknown}
 l - a scroll of torment {unknown}
 m - a scroll of amnesia {unknown}
 q - a scroll of teleportation {unknown}
 s - a scroll of noise {unknown}
Potions
 b - a potion of magic
 d - 8 potions of curing {unknown}
 e - a potion of might {unknown}
 f - 2 potions of mutation {unknown}
 g - a potion of haste {unknown}
 o - a potion of lignification {unknown}


   Skills:
 + Level 2.0 Fighting
 + Level 2.7 Dodging
 - Level 1.0 Stealth
 * Level 3.9 Unarmed Combat
 + Level 2.2 Spellcasting
 + Level 3.6 Summonings


You had 8 spell levels left.
You knew the following spells:

 Your Spells              Type           Power      Damage    Failure   Level
a - Summon Small Mammal   Summ           36%        N/A       6%          1

Your spell library contained the following spells:

 Spells                   Type           Power      Damage    Failure   Level
 Call Imp                 Summ           9%         N/A       10%         2
 Call Canine Familiar     Summ           9%         N/A       19%         3
 Kiss of Death            Conj/Necr      4%         2d5       28%         1
 Necrotise                Necr           4%         1d4       28%         1
 Summon Guardian Golem    Hex/Summ       5%         N/A       38%         3
 Confusing Touch          Hex            1%         N/A       65%         3
 Portal Projectile        Hex/Tloc       2%         N/A       65%         3
 Tukima's Dance           Hex            1%         N/A       65%         3
 Vampiric Draining        Necr           1%         2d6       65%         3
 Vhi's Electric Charge    Tloc/Air       2%         N/A       65%         3
 Summon Lightning Spire   Summ/Air       5%         N/A       80%         4
 Dispel Undead            Necr           1%         3d6       96%         4
 Agony                    Necr           1%         N/A       100%        5
 Arcjolt                  Conj/Air       0%         1d10      100%        5
 Blade Hands              Tmut           0%         N/A       100%        5
 Maxwell's Capacitive Co  Air            0%         ∞         100%        8


Dungeon Overview and Level Annotations

Branches:
Dungeon (4/15)             Temple (0/1) D:4

Altars:
Dithmenos
Okawaru
Xom

Annotations:
D:4 Sigmund


Innate Abilities, Weirdness & Mutations

You are too large for most types of armour.
You have claws for hands.
Your natural rate of healing is unusually fast.
You are covered in fur. (AC +1)
You have tough skin. (AC +1)


Message History

You see here a +0 cloak.
Sigmund the Dreaded comes into view.
He is wielding a +0 scythe and carrying a wand of quicksilver (9).
Sigmund shouts!
Sigmund gestures wildly while chanting.
Sigmund flickers and vanishes!
Deactivating autopickup; reactivate with Ctrl-A.
You hear some strange, mumbled words.
Your rat resists with significant effort.
No target in view!
You swap places.
Something hits you but does no damage.
You miss something. Something hits you.
You scratch something but do no damage. Something hits you.
You barely miss something. You closely miss something.
Something hits you but does no damage.
You miss something. Something hits you!
You barely miss something. You scratch something. Your claw misses something.
You hear some strange, mumbled words.
Something tries to affect you, but you resist.
You barely miss something.
You hear a zap.
A bolt of dispelling energy appears from out of thin air!
The bolt of dispelling energy hits you!!
You closely miss something.
You hear some strange, mumbled words.
Something tries to affect you, but you resist.
You miss something.
You hear a zap.
A bolt of dispelling energy appears from out of thin air!
The bolt of dispelling energy hits you!
You miss something.
You hear a zap.
A bolt of dispelling energy appears from out of thin air!
The bolt of dispelling energy hits you!
* * * LOW HITPOINT WARNING * * *
You closely miss something.
You hear a zap.
A bolt of dispelling energy appears from out of thin air!
The bolt of dispelling energy hits you!
You die...

.#.....# ##........
.......# #.#......
.......########...######
...........)†...........
P.PPP..#........>.......
P..PP..#................
...PP...................
...PP.....)....r........
P..PP..........r@.......
P..PP.........##{.......
P..PP........###........
P............# #........
.............# #........
####.........# #........
##........# #........
########## #........


You could see 2 friendly rats.

Vanquished Creatures
  Eustachio (D:4)
  Ijyb (D:4)
  Terence (D:2)
  Natasha (thrice) (D:3)
  4 gnolls
  3 adders
  A shadow imp (D:4)
  An ufetubus (D:4)
  2 worms
  A dart slug (D:1)
  6 orcs
  3 bats
  6 endoplasms
  2 giant cockroaches
  6 goblins
  6 hobgoblins
  5 kobolds
  A quokka (D:3)
  7 ball pythons
  4 frilled lizards
  8 rats
72 creatures vanquished.

Vanquished Creatures (collateral kills)
  Jessica (D:2)
1 creature vanquished.

Vanquished Creatures (others)
  5 plants
5 creatures vanquished.

Grand Total: 78 creatures vanquished

Notes
Turn   | Place    | Note
-------+----------+-------------------------------------------
     0 | D:1      | purpskrrrp the Troll Summoner began the quest for the Orb.
     0 | D:1      | Reached XP level 1. HP: 16/16 MP: 1/1
   282 | D:1      | Reached XP level 2. HP: 24/24 MP: 3/3
   548 | D:1      | Reached skill level 1 in Unarmed Combat
  1003 | D:1      | Found a faded altar of an unknown god.
  1017 | D:1      | Prayed at the altar of an unknown god.
  1017 | D:1      | Became a worshipper of Dithmenos the Shadowed
  1017 | D:1      | Reached * piety under Dithmenos
  1111 | D:2      | Noticed Jessica
  1123 | D:2      | Killed Jessica
  1124 | D:2      | Reached XP level 3. HP: 31/32 MP: 1/4
  1129 | D:2      | You fall into a shaft and drop 2 floors!
  1182 | D:3      | Reached skill level 1 in Fighting
  1182 | D:3      | Reached XP level 4. HP: 29/41 MP: 3/5
  1232 | D:3      | Noticed Natasha
  1238 | D:3      | Killed Natasha
  1300 | D:2      | Reached XP level 5. HP: 48/48 MP: 6/6
  1403 | D:2      | Noticed Terence
  1418 | D:2      | Killed Terence
  1429 | D:2      | Reached ** piety under Dithmenos
  1811 | D:3      | Noticed Natasha
  1818 | D:3      | Killed Natasha
  1830 | D:3      | Identified the +4 hand axe "Giantbane" {drain, Str+5}
  1887 | D:3      | Noticed Natasha
  1892 | D:3      | Killed Natasha
  2732 | D:4      | Reached XP level 6. HP: 48/55 MP: 8/8
  2762 | D:4      | Found a shimmering altar of Xom.
  2788 | D:4      | Noticed Ijyb
  2805 | D:4      | Killed Ijyb
  2825 | D:4      | Found a staircase to the Ecumenical Temple.
  2827 | D:4      | Found an iron altar of Okawaru.
  2856 | D:4      | Noticed Eustachio
  2881 | D:4      | Killed Eustachio
  3038 | D:4      | Noticed Sigmund
  3058 | D:4      | Killed from afar by Sigmund

Illustrated notes

Levels and vault maps discovered:
D:1:      lordsloth_arrival_two_stooges, layout_basic,
          shapermc_ecumenical_altar_petra
D:2:      layout_rooms, minmay_misc_feat_cross, uniq_jessica, uniq_terence
D:3:      kb_forest_paths, layout_loops_ring, uniq_natasha
D:4:      layout_basic, mainiacjoe_overflow_chevrons, general_overflow_altar,
          minmay_temple_entry_offerings, grunt_decor_one_mirror, uniq_sigmund,
          uniq_ijyb, uniq_grinder, uniq_eustachio

Skill      XL: |  1  2  3  4  5  6 |
---------------+-------------------+-----
Summonings     | 3 |  3.6
Unarmed Combat | 1 2 3 |  3.9
Dodging        | 2 |  2.7
Fighting       | 1 2 |  2.0
Spellcasting   | 2 |  2.2
Stealth        | |  1.0

Action                   |  1- 3 |  4- 6 || total
-------------------------+-------+-------++-------
Melee: Unarmed           |    70 |   176 ||   246
       Punch             |     1 |     4 ||     5
 Cast: Summon Small Mamm |     4 |     5 ||     9
 Stab: Sleeping          |     1 |     3 ||     4
Armor: Robe              |    22 |    37 ||    59
Dodge: Dodged            |    37 |    67 ||   104

Table legend: (Time is in decaauts)
 A = Elapsed time spent in this place.
 B = Non-inter-level travel time spent in this place.
 C = Inter-level travel time spent in this place.
 D = Time resting spent in this place.
 E = Time spent auto-exploring this place.
 F = Levels seen in this place.
 G = Mean time per level.
                   A        B        C        D        E       F      G
               +--------+--------+--------+--------+--------+-----+--------+
         Total |   3054 |   2894 |    160 |      8 |   2316 |   4 |  763.5 |
       Dungeon |   3054 |   2894 |    160 |      8 |   2316 |   4 |  763.5 |
               +--------+--------+--------+--------+--------+-----+--------+

Top non-repeatable levels by time:
     D:1: 1083 daAuts
     D:3: 861 daAuts
     D:2: 586 daAuts
     D:4: 523 daAuts
